 Dungeon Crawl Stone Soup version 0.30-a0-458-g86641cc369 (webtiles) character file.

Game seed: 12638001010705906662

5050 HoaS the Markskobold (level 10, 0/61 HPs)
             Began as a Kobold Hunter on Dec 14, 2022.
             Was an Elder of Okawaru.
             Slain by a troll (5 damage)
             ... on level 9 of the Dungeon.
             The game lasted 00:17:03 (7255 turns).

HoaS the Markskobold (Kobold Hunter)                Turns: 7255, Time: 00:17:03

Health: 0/61       AC: 13    Str:  9    XL:     10   Next: 85%
Magic:  4/5        EV: 24    Int: 13    God:    Okawaru [****..]
Gold:   158        SH:  0    Dex: 23    Spells: 9/9 levels left

rFire   + + .      SeeInvis .    a - +1 shortbow (flame)
rCold   . . .      Faith    .    (shield currently unavailable)
rNeg    . . .      Spirit   .    c - +1 leather armour
rPois   .          Reflect  .    o - +1 helmet
rElec   .          Harm     .    (no cloak)
rCorr   .          Rampage  .    m - +0 pair of gloves
Will    .....                    e - +0 pair of boots "Xesoth" {rF++ Regen+ MP-9 Int+3}
Stlth   +++++.....               (no amulet)
HPRegen 1.10/turn                d - +4 ring of protection
MPRegen 0.09/turn                i - ring of flight

@: heroic, flying
A: small, no large weapons, nightstalker 3
a: Renounce Religion, Heroism, Finesse


You were on level 9 of the Dungeon.
You worshipped Okawaru.
Okawaru was greatly pleased with you.
You visited 1 branch of the dungeon, and saw 9 of its levels.

You collected 405 gold pieces.
You spent 247 gold pieces at shops.

Inventory:

Hand Weapons
 a - a +1 shortbow of flaming (weapon)
Missiles
 g - a throwing net
Armour
 c - a +1 leather armour (worn)
 e - the +0 pair of boots "Xesoth" (worn) {rF++ Regen+ MP-9 Int+3}
   (You bought it in a shop on level 4 of the Dungeon)

   Int:       It affects your intelligence (+3).
   rF:        It greatly protects you from fire.
   MP:        It affects your magic capacity (-9).
   Regen:     It increases your rate of health regeneration.
 m - a +0 pair of gloves (worn)
 o - a +1 helmet (worn)
Jewellery
 d - a +4 ring of protection (left hand)
 i - a ring of flight (right hand)
Wands
 p - a wand of acid (21)
 q - a wand of paralysis (3)
 t - a wand of flame (3)
 x - a wand of polymorph (8)
Scrolls
 b - 3 scrolls of immolation
 f - 3 scrolls of brand weapon
 h - 3 scrolls of fog
 r - 2 scrolls of magic mapping
 u - a scroll of enchant armour
 v - a scroll of teleportation
Potions
 j - 3 potions of curing
 k - 2 potions of lignification
 l - a potion of cancellation
 n - a potion of might {unknown}
 s - a potion of berserk rage {unknown}
 w - a potion of mutation {unknown}
 z - 2 potions of degeneration {unknown}
 A - a potion of invisibility


   Skills:
 * Level 6.6(11.6) Fighting
 - Level 16.0(21.0) Ranged Weapons
 * Level 7.3(12.3) Dodging
 - Level 1.3(6.3) Stealth
 + Level 5.4 Invocations


You had 9 spell levels left.
You didn't know any spells.
Your spell library contained the following spells:

 Spells                   Type           Power      Damage    Failure   Level
 Magic Dart               Conj           0%         1d3       38%         1
 Slow                     Hex            0%         N/A       38%         1
 Ensorcelled Hibernation  Hex/Ice        0%         N/A       52%         2
 Confusing Touch          Hex            0%         N/A       77%         3
 Mephitic Cloud           Conj/Pois/Air  0%         N/A       77%         3
 Portal Projectile        Hex/Tloc       0%         N/A       77%         3
 Spider Form              Tmut/Pois      0%         N/A       77%         3
 Vampiric Draining        Necr           0%         2d6       77%         3
 Anguish                  Hex/Necr       0%         N/A       99%         4
 Leda's Liquefaction      Hex/Erth       0%         N/A       99%         4
 Call Imp                 Summ           Unusable   N/A       N/A         2
 Call Canine Familiar     Summ           Unusable   N/A       N/A         3

Dungeon Overview and Level Annotations

Branches:
Dungeon (9/15)             Temple (0/1) D:5
   Lair: D:8-11         Orc: D:9-12

Altars:
Ashenzari
Cheibriados
Elyvilon
Fedhas
Okawaru
Uskayaw
Wu Jian
Xom
The Shining One

Shops:
D:4 [   D:6 =

Annotations:
D:8 Maggie
D:9 Pikel


Innate Abilities, Weirdness & Mutations

You are small and have problems with some larger weapons.
You are completely attuned to the shadows.


Message History

The ice beast hits you but does no damage.
The ice beast closely misses you. The wolf misses you.
You shoot an arrow. The arrow hits the ice beast.
The arrow melts the ice beast.
The ice beast is moderately wounded.
The wolf completely misses you. The troll barely misses you.
The troll misses you. The troll closely misses you.
The ice beast closely misses you. The ice beast completely misses you.
You shoot an arrow. The arrow closely misses the ice beast.
The wolf closely misses you. The ice beast hits you. The ice beast freezes you!
The troll barely misses you. The troll completely misses you.
The troll closely misses you. The ice beast misses you.
You are too injured to fight recklessly!
You are too injured to fight recklessly!
You are too injured to fight recklessly!
You are too injured to fight recklessly!
Fire: a) +1 shortbow (flame)
Press: ? - help, Q - select action, (/) - cycle Shift-Dir - straight line, f - troll, p - ice beast
Aim: a troll (75% to hit)
You shoot an arrow. The arrow hits the troll.
The arrow burns the troll.
The troll is lightly wounded.
The wolf closely misses you. x2
Fire: a) +1 shortbow (flame)
Press: ? - help, Q - select action, (/) - cycle Shift-Dir - straight line, f/p - troll
Aim: a troll (lightly wounded, 75% to hit)
You shoot an arrow. The arrow hits the troll!
The arrow burns the troll.
The troll is heavily wounded.
The ice beast completely misses you. The troll bites you! The troll misses you.
The troll claws you!
* * * LOW HITPOINT WARNING * * *
The ice beast closely misses you. The wolf bites you.
* * * LOW HITPOINT WARNING * * *
Fire: a) +1 shortbow (flame)
Press: ? - help, Q - select action, (/) - cycle Shift-Dir - straight line, f/p - troll
Aim: a troll (heavily wounded, 75% to hit)
You shoot an arrow. The arrow hits the troll!
The arrow burns the troll.
The troll is almost dead.
The wolf bites you but does no damage. The troll barely misses you.
The troll claws you.
You die...

... .....#
...##.#..#
#........
..#.#h..~#
...†@...#
...YYT..#
.......##
.....###
...##.
..<....
.......
...Y...
...55T.
.Y5K...


You could see a troll, 2 ice beasts and a wolf.

Vanquished Creatures
  Joseph (D:7)
  A rime drake (D:9)
  2 hornets
  Sigmund (D:6)
  A wyvern (D:9)
  Edmund (D:4)
  A water moccasin (D:5)
  Duvessa (D:7)
  2 sky beasts (D:7)
  A black bear (D:6)
  7 ice beasts
  2 wolves (D:9)
  3 ogres
  2 centaurs
  A lemure (D:9)
  A kobold brigand (D:6)
  4 bullfrogs (D:7)
  A necrophage (D:3)
  A scorpion (D:5)
  10 wights
  Dowan (D:7)
  A howler monkey (D:4)
  2 electric eels (D:7)
  2 hounds
  A gnoll bouda (D:3)
  An orc priest (D:7)
  2 jellies
  7 iguanas
  Jessica (D:3)
  3 orc wizards
  The ghost of Xtruder99 the Cutter, a weakling GnCK of Xom (D:3)
  Robin (D:3)
  14 gnolls
  6 adders
  A shadow imp (D:5)
  3 white imps
  2 ufetubi
  A worm (D:2)
  4 dart slugs
  16 orcs
  8 ball pythons
  10 endoplasms
  4 giant cockroaches
  16 goblins
  10 hobgoblins
  2 jackals (D:2)
  6 quokkas
  10 bats
  2 frilled lizards
  15 kobolds
  7 rats
204 creatures vanquished.

Vanquished Creatures (others)
  3 plants (D:5)
3 creatures vanquished.

Grand Total: 207 creatures vanquished

Notes
Turn   | Place    | Note
-------+----------+-------------------------------------------
     0 | D:1      | HoaS the Kobold Hunter began the quest for the Orb.
     0 | D:1      | Reached XP level 1. HP: 12/12 MP: 1/1
   197 | D:1      | Reached XP level 2. HP: 17/17 MP: 2/2
   210 | D:1      | Reached skill level 6 in Ranged Weapons
   601 | D:1      | Reached XP level 3. HP: 21/21 MP: 3/3
  1400 | D:2      | Reached skill level 7 in Ranged Weapons
  1432 | D:2      | Reached XP level 4. HP: 26/26 MP: 4/4
  1724 | D:3      | Reached XP level 5. HP: 30/30 MP: 5/5
  1746 | D:3      | Noticed an ogre
  1746 | D:3      | Identified the +5 dire flail of Lies {vorpal, *Corrode rC+
                  | Str+7 Int+3}
  1746 | D:3      | Noticed an ogre
  1747 | D:3      | Noticed Xtruder99's ghost (weakling GnCK)
  1748 | D:3      | Found a transporter.
  1779 | D:3      | Found a transporter.
  1818 | D:3      | Reached skill level 8 in Ranged Weapons
  1917 | D:3      | Noticed Jessica
  1920 | D:3      | Killed Jessica
  2070 | D:3      | Noticed Robin
  2105 | D:3      | Killed Robin
  2377 | D:3      | Reached skill level 9 in Ranged Weapons
  2377 | D:3      | Reached XP level 6. HP: 35/35 MP: 6/6
  2559 | D:4      | Found Pyawn's Antique Armour Shop.
  2561 | D:4      | Found the +5 robe of Misfortune {Harm *Corrode *Slow EV+5}
  2578 | D:4      | Noticed Edmund
  2788 | D:3      | Reached skill level 10 in Ranged Weapons
  2823 | D:4      | Reached XP level 7. HP: 24/40 MP: 7/7
  3189 | D:4      | Found a hide-covered altar of Uskayaw.
  3349 | D:4      | Killed Edmund
  3350 | D:4      | Reached skill level 11 in Ranged Weapons
  3358 | D:4      | Found a glowing golden altar of the Shining One.
  3358 | D:4      | Found an iron altar of Okawaru.
  3466 | D:4      | Became a worshipper of Warmaster Okawaru
  3479 | D:5      | Entered Level 5 of the Dungeon
  3508 | D:5      | Noticed a water moccasin
  3511 | D:5      | Killed a water moccasin
  3512 | D:5      | Reached skill level 1 in Invocations
  3512 | D:5      | Reached XP level 8. HP: 44/44 MP: 7/9
  3585 | D:5      | Reached skill level 12 in Ranged Weapons
  3600 | D:5      | Reached * piety under Okawaru
  3822 | D:5      | Found a white marble altar of Elyvilon.
  4016 | D:5      | Found a staircase to the Ecumenical Temple.
  4202 | D:5      | Reached skill level 13 in Ranged Weapons
  4432 | D:3      | Killed Xtruder99's ghost
  4561 | D:4      | Bought a pair of spiked boots for 247 gold pieces
  4561 | D:4      | Identified the +0 pair of boots "Xesoth" {rF++ Regen+ MP-9
                  | Int+3} (You bought it in a shop on level 4 of the Dungeon)
  4606 | D:6      | Reached ** piety under Okawaru
  4607 | D:6      | Reached XP level 9. HP: 48/48 MP: 2/11
  4750 | D:6      | Reached skill level 14 in Ranged Weapons
  5195 | D:6      | Reached skill level 15 in Ranged Weapons
  5291 | D:6      | Noticed Sigmund
  5303 | D:6      | Killed Sigmund
  5354 | D:6      | Found Curphyem's Jewellery Emporium.
  5608 | D:6      | Found an ornate altar of the Wu Jian Council.
  5992 | D:7      | Noticed Dowan
  5995 | D:7      | Noticed Joseph
  5997 | D:7      | Killed Dowan
  6019 | D:7      | Noticed Duvessa
  6020 | D:7      | Killed Joseph
  6020 | D:7      | Reached *** piety under Okawaru
  6021 | D:7      | Reached skill level 16 in Ranged Weapons
  6124 | D:7      | Found a blossoming altar of Fedhas.
  6191 | D:7      | Reached XP level 10. HP: 47/56 MP: 3/12
  6191 | D:7      | Killed Duvessa
  6223 | D:7      | Reached skill level 5 in Dodging
  6340 | D:7      | Reached **** piety under Okawaru
  6341 | D:7      | Reached skill level 5 in Fighting
  6728 | D:8      | Found a snail-covered altar of Cheibriados.
  6933 | D:8      | Noticed Maggie
  7077 | D:9      | Reached skill level 5 in Invocations
  7190 | D:9      | Found a broken altar of Ashenzari.
  7192 | D:9      | Found a shimmering altar of Xom.
  7202 | D:9      | Noticed a komodo dragon
  7208 | D:9      | Noticed Pikel
  7220 | D:9      | Noticed a rime drake
  7227 | D:9      | Killed a rime drake
  7255 | D:9      | Slain by a troll

Illustrated notes

Levels and vault maps discovered:
D:1:      zelgadis_glass_arrival_large, layout_loops_ring
D:2:      layout_basic, minmay_increasing_density
D:3:      layout_basic, gammafunk_ghost_smash, uniq_jessica, uniq_robin
D:4:      layout_cave_pools, nicolae_uskayaw_suspiria,
          gammafunk_temple_overflow_elements, serial_shops, shop, uniq_edmund
D:5:      layout_loops_ring, amcnicky_altar_gilded, minmay_temple_entry_waves,
          serial_bayou_pond_b, guppyfry_early_lair_pool
D:6:      layout_layer_cave, mainiacjoe_overflow_alcove_1,
          minmay_shop_enchanted_jewellery, chequers_serial_rivers_small_b,
          minivault_19, uniq_sigmund
D:7:      layout_rooms, marbit_many_paths, minivault_14,
          hangedman_abyss_or_decor_stabs, kennysheep_small_square, uniq_joseph,
          uniq_duvessa
D:8:      layout_cave_pools, mainiacjoe_overflow_24_doors, uniq_maggie
D:9:      layout_cross, kennysheep_mini,
          chequers_temple_overflow_statue_of_worship, hellmonk_lair_entry_icy,
          uniq_erica, uniq_pikel, uniq_prince_ribbit1

Skill      XL: |  1  2  3  4  5  6  7  8  9 10 |
---------------+-------------------------------+-----
Ranged Weapons | 6 7 9 10 11 13 16 | 16.0
Invocations    | 1 3 5 |  5.4
Fighting       | 3 6 |  6.6
Dodging        | 3 7 |  7.3
Stealth        | |  1.3

Action                   |  1- 3 |  4- 6 |  7- 9 | 10-12 || total
-------------------------+-------+-------+-------+-------++-------
 Fire: Shortbow          |    90 |   136 |   252 |   151 ||   629
Invok: Heroism           |       |       |       |     1 ||     1
Evoke: Wand              |       |       |     3 |       ||     3
  Use: Scroll            |     7 |     2 |     8 |     5 ||    22
       Potion            |       |       |     3 |       ||     3
Armor: Leather armour    |    16 |    34 |    30 |    34 ||   114
Dodge: Dodged            |    18 |    66 |    78 |   156 ||   318

Table legend: (Time is in decaauts)
 A = Elapsed time spent in this place.
 B = Non-inter-level travel time spent in this place.
 C = Inter-level travel time spent in this place.
 D = Time resting spent in this place.
 E = Time spent auto-exploring this place.
 F = Levels seen in this place.
 G = Mean time per level.
                   A        B        C        D        E       F      G
               +--------+--------+--------+--------+--------+-----+--------+
         Total |   7232 |   6866 |    366 |    666 |   5045 |   9 |  803.6 |
       Dungeon |   7232 |   6866 |    366 |    666 |   5045 |   9 |  803.6 |
               +--------+--------+--------+--------+--------+-----+--------+

Top non-repeatable levels by time:
     D:6: 1370 daAuts
     D:3: 1331 daAuts
     D:5: 844 daAuts
     D:1: 841 daAuts
     D:4: 809 daAuts
     D:2: 805 daAuts
     D:7: 694 daAuts
     D:8: 357 daAuts
     D:9: 177 daAuts
